AoeStats
← rosteur

Marketplace

506074726Analyzed
1v1 RM · 22d ago on Sep 12, 2026· 36m 17s· 2 players
Game mode
Random Map
Map size
Tiny (2 player)
Population
200
Speed
Normal
Resources
Standard
Victory
Conquest
Starting age
Dark Age
Ending age
Imperial Age
RankedLock teamsTeams togetherTeam positionsShared explorationLock speedFull tech treeHidden civsTurbo modeCheats
Victory
Defeat
🇪🇸 Sicilians · Spain
646
+16
🇫🇷 Franks · France
650
-34
gerardCapo
10:05 Feudal Age
10:38 Double-Bit Axe
12:43 Horse Collar
22:06 Castle Age
21:39 Forging
21:30 Scale Mail Armor
22:52 Stone Mining
23:23 Bow Saw
23:18 Heavy Plow
24:46 Stone Shaft Mining
24:05 Gold Mining
27:53 Wheelbarrow
30:48 Imperial Age
30:15 Fletching
33:17 Crop Rotation
33:26 Gold Shaft Mining
33:55 Chemistry
34:50 Elite Serjeant
rosteur
7:00 Loom
12:46 Feudal Age
13:39 Double-Bit Axe
13:51 Gold Mining
13:51 Stone Mining
14:53 Stone Mining
17:44 Wheelbarrow
18:07 Man-at-Arms
26:37 Forging
26:27 Scale Mail Armor
26:33 Scale Barding Armor
26:18 Fletching
26:29 Padded Archer Armor
32:23 Castle Age
Connection lost

Rejoining the realm…

Still unreachable

The connection could not be restored.

Session expired

The server has moved on; the page needs a fresh start.